 Dungeon Crawl Stone Soup version 0.27-a0-345-g7370b58738 (webtiles) character file.

Game seed: 16605617186293533117

14150 epsilonhalbe the Basher (level 12, 0/76 HPs)
             Began as a Gargoyle Fighter on Feb 15, 2021.
             Was the Champion of Okawaru.
             Killed from afar by a wizard (39 damage)
             ... with a fireball
             ... on level 11 of the Dungeon.
             The game lasted 00:34:33 (11858 turns).

epsilonhalbe the Basher (Gargoyle Fighter)         Turns: 11858, Time: 00:35:03

Health: 0/76       AC: 30    Str: 33    XL:     12   Next: 13%
Magic:  17/17      EV: 11    Int:  8    God:    Okawaru [******]
Gold:   287        SH: 19    Dex:  9    Spells: 11/11 levels left

rFire    . . .     SeeInvis .   a - +0 flail (drain)
rCold    + . .     Faith    .   c - +0 kite shield
rNeg     + + +     Spirit   .   R - +3 chain mail {rC+}
rPois    ∞         Reflect  +   I - +0 helmet "Hedoffoc" {rN++ Will+}
rElec    +         Harm     .   w - +0 cloak {Will+}
rCorr    .         Rampage  .   (no gloves)
Will     ++...                  x - +0 pair of boots
Stlth    ..........             Q - amulet "Maudax" {Reflect rElec rN+ Str+10 Int-3 SH+5}
HPRegen  0.22/turn              t - +4 ring of slaying
MPRegen  0.15/turn              B - ring of positive energy

@: heroism
A: negative energy resistance 1, electricity resistance, unbreathing,
petrification resistance, miasma immunity, AC +8
a: Renounce Religion, Heroism, Finesse


You were on level 11 of the Dungeon.
You worshipped Okawaru.
Okawaru was exalted by your worship.
You visited 3 branches of the dungeon, and saw 13 of its levels.
You also visited: Sewer.

You collected 749 gold pieces.
You spent 462 gold pieces at shops.

Inventory:

Hand Weapons
 a - a +0 flail of draining (weapon)
 r - a +0 hunting sling
 v - the +2 great mace of the Desert {speed, rN+ Dex+2}
   (Okawaru gifted it to you on level 10 of the Dungeon)

   Attacks with this weapon are significantly faster.
   It affects your dexterity (+2).
   It protects you from negative energy.
 H - the +10 quarterstaff of Zerchek {vorpal, Int-3 Dex+4, unknown}
   (You found it on level 7 of the Dungeon)

   It inflicts extra damage upon your enemies.
   It affects your intelligence (-3).
   It affects your dexterity (+4).
 P - the +5 triple sword of Change {holy, rF+ Int+2 Dex-3 SInv, unknown}
   (You found it on level 8 of the Dungeon)

   It has been blessed by the Shining One to cause great damage to the undead
   and demons.
   It affects your intelligence (+2).
   It affects your dexterity (-3).
   It protects you from fire.
   It lets you see invisible.
 U - the +2 quarterstaff of Kismet {elec, Dex+4, unknown}
   (You found it on level 8 of the Dungeon)

   Occasionally, upon striking a foe, it can discharge electrical energy and
   cause terrible harm.
   It affects your dexterity (+4).
Missiles
 b - 125 sling bullets
 g - 328 stones
 i - 62 poisoned darts (quivered)
 q - 9 javelins
 y - 7 boomerangs
Armour
 c - a +0 kite shield (worn)
 w - a +0 cloak of willpower (worn)
 x - a +0 pair of boots (worn)
 I - the +0 helmet "Hedoffoc" (worn) {rN++ Will+}
   (You bought it in a shop on level 9 of the Dungeon)

   It greatly protects you from negative energy.
   It affects your willpower, your defense against some magical effects.
 R - a +3 chain mail of cold resistance (worn)
Jewellery
 t - a +4 ring of slaying (left hand)
 z - an amulet of the acrobat
 B - a ring of positive energy (right hand)
 Q - the amulet "Maudax" (around neck) {Reflect rElec rN+ Str+10 Int-3 SH+5}
   (You found it on level 8 of the Dungeon)

   [amulet of reflection]

   It shields you and reflects attacks.
   It affects your strength (+10).
   It affects your intelligence (-3).
   It insulates you from electricity.
   It protects you from negative energy.
   It affects your SH (+5).
Wands
 C - a wand of flame (44)
 J - a wand of iceblast (3)
 K - a wand of acid (7)
Scrolls
 e - 6 scrolls of blinking
 f - 6 scrolls of identify
 l - a scroll of fear {unknown}
 m - 4 scrolls of enchant weapon
 n - 4 scrolls of amnesia
 u - 3 scrolls of enchant armour
 A - a scroll of fog {unknown}
 D - a scroll of random uselessness {unknown}
 E - a scroll of summoning {unknown}
 G - a scroll of holy word {unknown}
 L - a scroll of acquirement {unknown}
 N - 3 scrolls of teleportation
 S - a scroll of noise {unknown}
 T - a scroll of immolation {unknown}
Potions
 d - a potion of might
 h - 5 potions of curing {unknown}
 j - 4 potions of brilliance {unknown}
 k - a potion of haste {unknown}
 o - 2 potions of attraction {unknown}
 p - 3 potions of lignification {unknown}
 s - 5 potions of heal wounds {unknown}
 F - a potion of resistance {unknown}
 M - 2 potions of magic {unknown}
 O - a potion of mutation {unknown}


   Skills:
 + Level 9.4(14.4) Fighting
 * Level 11.5(16.5) Maces & Flails
 + Level 9.5(14.5) Armour
 + Level 9.3(14.3) Shields
 + Level 7.8 Invocations


You had 11 spell levels left.
You didn't know any spells.
Your spell library contained the following spells:

 Spells                   Type           Power        Failure   Level
 Confusing Touch          Hex            0%           99%         3
 Gell's Gravitas          Tloc           0%           99%         3
 Petrify                  Tmut/Erth      0%           100%        4
 Metabolic Englaciation   Hex/Ice        0%           100%        5
 Yara's Violent Unravell  Hex/Tmut       0%           100%        5


Dungeon Overview and Level Annotations

Branches:
Dungeon (11/15)            Temple (1/1) D:4            Lair (0/6) D:10
    Orc (1/2) D:9           Sewer (visited)

Altars:
Ashenzari
Cheibriados
Dithmenos
Elyvilon
Fedhas
Gozag
Hepliaklqana
Kikubaaqudgha
Makhleb
Nemelex Xobeh
Okawaru
Qazlal
Ru
Sif Muna
Uskayaw
Wu Jian
Yredelemnul
The Shining One
Beogh

Shops:
D:6 =   D:9 [!!   D:10 ?

Annotations:
D:4 2 transporters, Zing's ghost, amateur MiFi


Innate Abilities, Weirdness & Mutations

You are resistant to torment.
Your stone body is resilient. (AC +8)
You are immune to poison.
You resist negative energy. (rN+)
You are resistant to electric shocks. (rElec)
You can survive without breathing.
You are immune to petrification.
You are immune to miasma.


Message History

The wizard gestures at itself while chanting.
The wizard flickers and vanishes!
Deactivating autopickup; reactivate with Ctrl-A.
You sock the flayed ghost!
The flayed ghost is severely damaged.
You block the flayed ghost's attack.
You sock the flayed ghost!
You destroy the flayed ghost!
Okawaru accepts your kill.
You thump something!
You hear some strange, mumbled words.
You barely miss the ice beast. You sock the ice beast!
The ice beast is moderately wounded.
You block the ice beast's attack.
You hit the ice beast. You drain the ice beast.
The ice beast is severely wounded.
Something hits you but does no damage. You block the ice beast's attack.
You bludgeon the ice beast!!
You kill the ice beast!
Okawaru accepts your kill. Something hits you but does no damage.
You sock the ogre!
The ogre is moderately wounded.
The ogre hits you with a +0 giant club.
You barely miss the ogre.
The ogre is moderately wounded.
Something hits you but does no damage.
You bludgeon the ogre!!
You kill the ogre!
Okawaru accepts your kill. Something hits you.
Items here: ( )) ††.
You hit something.
A fire giant comes into view.
It is wielding a +0 great sword of flaming.
You hear some strange, mumbled words.
A fireball appears from out of thin air!
The fireball explodes!
The fireball engulfs you!!!
Ouch! That really hurt!
You die...

####.## ## #..#
.####.##
..###..########
..)............
#####...####### ###
♣♣.....♣♣ ♣.♣
♣..P.P..♣♣♣♣♣♣♣.♣♣#
.....P≈........{@♣..#
♣♣♣..PPP..♣♣♣♣#♣♣.♣♣#
♣♣.....♣♣ ♣.♣ #######
###.### #..C..#
#.♣♣♣#.♣♣♣♣#
#Yp..W...♣ #.♣♣♣#.♣♣♣
#...


You could see a fire giant.

Vanquished Creatures
  An ettin (Orc:1)
  2 centaur warriors
  2 two-headed ogres
  A flayed ghost (D:11)
  An ugly thing (D:8)
  A manticore (D:8)
  Maggie (D:6)
  2 trolls
  The ghost of Soborki the Chopper, an amateur MiBe of Trog (D:5)
  A hornet (D:10)
  4 wyverns
  9 yaks
  Eustachio (D:4)
  A basilisk (D:10)
  Grum (D:8)
  Edmund (D:4)
  3 wargs
  An acid dragon (D:11)
  2 water moccasins (D:10)
  An orc warrior (D:9)
  2 sky beasts
  A black bear (D:11)
  5 ice beasts
  2 necrophages (D:11)
  10 ogres
  2 phantoms
  A centaur (D:5)
  3 wolves (D:8)
  A kobold brigand (D:10)
  Blork the orc (D:3)
  4 bullfrogs
  A gnoll sergeant (D:8)
  3 scorpions
  10 killer bees
  3 wights
  3 howler monkeys
  A quasit (D:8)
  A centaur zombie (D:5)
  4 bullfrog zombies
  Crazy Yiuf (D:3)
  9 hounds
  A centaur skeleton (D:8)
  2 gnoll shamans (D:8)
  5 orc priests
  A bullfrog skeleton (D:6)
  A jelly (D:5)
  Jessica (D:3)
  8 orc wizards
  5 worker ants
  2 hound skeletons (D:8)
  A mummy (D:8)
  A worker ant zombie (D:5)
  A howler monkey zombie (D:7)
  18 adders
  8 gnolls
  2 river rats (D:5)
  A shadow imp (D:10)
  A white imp (D:10)
  2 ufetubi
  11 oozes
  3 adder zombies
  3 worms
  2 dart slugs (D:1)
  13 leopard geckos
  30 orcs
  10 ball pythons
  5 bats
  17 giant cockroaches
  7 goblins
  9 hobgoblins
  12 jackals
  5 kobolds
  4 quokkas
  16 frilled lizards
  A leopard gecko skeleton (D:5)
  A quokka skeleton (D:4)
  9 rats
324 creatures vanquished.

Vanquished Creatures (others)
  3 fungi (D:10)
  12 plants
15 creatures vanquished.

Grand Total: 339 creatures vanquished

Notes
Turn   | Place    | Note
-------+----------+-------------------------------------------
     0 | D:1      | epsilonhalbe the Gargoyle Fighter began the quest for the
                  | Orb.
     0 | D:1      | Reached XP level 1. HP: 14/14 MP: 1/1
   205 | D:1      | Reached XP level 2. HP: 19/19 MP: 2/2
   587 | D:1      | Reached XP level 3. HP: 22/23 MP: 3/3
   966 | D:2      | Found a hazy altar of Hepliaklqana.
  1220 | D:2      | Reached skill level 3 in Maces & Flails
  1220 | D:2      | Reached XP level 4. HP: 29/29 MP: 4/4
  1797 | D:3      | Reached XP level 5. HP: 31/33 MP: 5/5
  1914 | D:3      | Noticed Jessica
  1938 | D:3      | Killed Jessica
  2272 | D:3      | Found a basalt altar of Yredelemnul.
  2313 | D:3      | Reached skill level 4 in Maces & Flails
  2600 | D:3      | Reached XP level 6. HP: 38/38 MP: 6/6
  2871 | D:3      | Found a runed translucent door.
  2872 | D:3      | Noticed Crazy Yiuf
  2882 | D:3      | Killed Crazy Yiuf
  3233 | D:4      | Found a transporter.
  3235 | D:4      | Noticed Zing's ghost (amateur MiFi)
  3246 | D:4      | Found a transporter.
  3272 | D:4      | Noticed Eustachio
  3362 | D:4      | Noticed Blork the orc
  3376 | D:3      | Killed Blork the orc
  3686 | D:4      | Reached XP level 7. HP: 39/44 MP: 7/7
  3881 | D:4      | Found a staircase to the Ecumenical Temple.
  3890 | Temple   | Entered the Ecumenical Temple
  3939 | Temple   | Became a worshipper of Warmaster Okawaru
  4100 | D:4      | Killed Eustachio
  4101 | D:4      | Reached skill level 5 in Fighting
  4101 | D:4      | Reached skill level 5 in Maces & Flails
  4233 | D:4      | Noticed Edmund
  4248 | D:4      | Killed Edmund
  4248 | D:4      | Reached * piety under Okawaru
  4249 | D:4      | Reached skill level 5 in Armour
  4249 | D:4      | Reached skill level 5 in Shields
  4249 | D:4      | Reached skill level 1 in Invocations
  4371 | D:4      | Found a roughly hewn altar of Beogh.
  4632 | D:5      | Entered Level 5 of the Dungeon
  4754 | D:5      | Found a sacrificial altar of Ru.
  4780 | D:5      | Reached XP level 8. HP: 38/49 MP: 9/9
  4898 | D:5      | Found a large runed translucent door.
  4898 | D:5      | Found a large runed translucent door.
  4899 | D:5      | Noticed Soborki's ghost (amateur MiBe)
  5054 | D:5      | Found a glowing drain.
  5091 | Sewer    | Entered a sewer
  5158 | Sewer    | Reached skill level 6 in Maces & Flails
  5776 | D:5      | Found a broken altar of Ashenzari.
  6204 | D:5      | Killed Soborki's ghost
  6204 | D:5      | Reached ** piety under Okawaru
  6205 | D:5      | Reached skill level 7 in Maces & Flails
  6205 | D:5      | Reached XP level 9. HP: 47/55 MP: 8/11
  6273 | D:6      | Found Wamu's Jewellery Shoppe.
  6354 | D:6      | Noticed Maggie
  6372 | D:6      | Killed Maggie
  6462 | D:6      | Found a white marble altar of Elyvilon.
  7141 | D:7      | Got an iridescent quarterstaff
  7191 | D:7      | Noticed a troll
  7201 | D:7      | Killed a troll
  7201 | D:7      | Reached *** piety under Okawaru
  7297 | D:7      | Reached skill level 8 in Maces & Flails
  7627 | D:7      | Found an ancient bone altar of Kikubaaqudgha.
  7946 | D:8      | Reached XP level 10. HP: 59/63 MP: 13/13
  7946 | D:8      | Noticed Grum
  7949 | D:8      | Reached skill level 5 in Invocations
  7971 | D:8      | Killed Grum
  7971 | D:8      | Reached **** piety under Okawaru
  8276 | D:8      | Found a snail-covered altar of Cheibriados.
  8607 | D:8      | Reached skill level 9 in Maces & Flails
  8718 | D:8      | Noticed a centaur warrior
  8718 | D:8      | Noticed a manticore
  8727 | D:8      | Killed a centaur warrior
  8736 | D:8      | Killed a manticore
  8742 | D:8      | Got a scorched triple sword
  8904 | D:8      | Got a coiled ruby amulet
  8911 | D:8      | Noticed a purple ugly thing
  8920 | D:8      | Killed a purple ugly thing
  8920 | D:8      | Reached ***** piety under Okawaru
  8937 | D:8      | Got a smoking quarterstaff
  9102 | D:9      | Found Cogoqes's Distillery.
  9116 | D:9      | Bought a potion of degeneration for 15 gold pieces
  9127 | D:9      | Identified the amulet "Maudax" {Reflect rElec rN+ Str+10
                  | Int-3 SH+5} (You found it on level 8 of the Dungeon)
  9220 | D:9      | Found Jumierph's Antique Armour Shop.
  9226 | D:9      | Bought a twisted helmet for 304 gold pieces
  9236 | D:9      | Identified the +0 helmet "Hedoffoc" {rN++ Will+} (You
                  | bought it in a shop on level 9 of the Dungeon)
  9386 | D:9      | Noticed a two-headed ogre
  9412 | D:9      | Killed a two-headed ogre
  9471 | D:9      | Reached XP level 11. HP: 64/68 MP: 13/15
  9604 | D:9      | Found Ybrume's Distillery.
  9629 | D:9      | Reached skill level 10 in Maces & Flails
  9864 | D:9      | Found a staircase to the Orcish Mines.
 10319 | Orc:1    | Entered Level 1 of the Orcish Mines
 10319 | Orc:1    | Noticed an ettin
 10330 | Orc:1    | Killed an ettin
 10411 | Orc:1    | Noticed an orc high priest
 10585 | D:10     | Entered Level 10 of the Dungeon
 10590 | D:10     | Received a gift from Okawaru
 10593 | D:10     | Got a crude great mace {god gift}
 10602 | D:9      | Identified the +2 great mace of the Desert {speed, rN+
                  | Dex+2} (Okawaru gifted it to you on level 10 of the
                  | Dungeon)
 10960 | D:10     | Found a staircase to the Lair.
 11180 | D:10     | Found Quogg's Magic Scroll Emporium.
 11198 | D:10     | Bought a scroll of teleportation for 39 gold pieces
 11198 | D:10     | Bought a scroll of identify for 26 gold pieces
 11198 | D:10     | Bought a scroll of identify for 26 gold pieces
 11198 | D:10     | Bought a scroll of identify for 26 gold pieces
 11198 | D:10     | Bought a scroll of identify for 26 gold pieces
 11427 | D:11     | Noticed a two-headed ogre
 11434 | D:11     | Killed a two-headed ogre
 11434 | D:11     | Reached ****** piety under Okawaru
 11435 | D:11     | Reached skill level 11 in Maces & Flails
 11455 | D:11     | Received a gift from Okawaru
 11821 | D:11     | Noticed a centaur warrior
 11823 | D:11     | Noticed a flayed ghost
 11823 | D:11     | Noticed a wizard
 11838 | D:11     | Killed a centaur warrior
 11839 | D:11     | Reached XP level 12. HP: 42/76 MP: 17/17
 11858 | D:11     | Noticed a fire giant
 11858 | D:11     | Killed from afar by a wizard

Illustrated notes

Levels and vault maps discovered:
D:1:      dpeg_arrival_round_b, layout_loops_cross, moated_statue,
          minmay_misc_feat_cross, minmay_domino_4
D:2:      layout_basic, nzn_hepliaklqana_mist_gate
D:3:      layout_basic, lemuel_doored_altar, minmay_increasing_density,
          uniq_jessica, uniq_crazy_yiuf_cottage
D:4:      layout_loops_ring, minmay_temple_entry_statues_pillars,
          gammafunk_ghost_arena, st_stairs_9, kennysheep_orc_chapel,
          uniq_edmund, uniq_eustachio, uniq_blork_the_orc
D:5:      layout_loops_ring, lemuel_coloured_pillars_altar,
          nicolae_ru_the_path_less_chosen, ebering_ghost_disaster_area,
          portal_sewer_entry_b
D:6:      layout_cave_pods, elyvilon_altar_1, serial_shops, shop, uniq_maggie
D:7:      layout_basic, lemuel_round_altar
D:8:      minmay_the_grid_octo_2x2 [minmay_the_grid_octo_odd_swirl,
          minmay_the_grid_octo_empty, minmay_the_grid_octo_clover,
          minmay_the_grid_octo_prize_single_spiral], layout_cave_pools,
          slow_altar_1, serial_gnoll_camp, grums_kennel, gnoll_camp_mini_basic,
          gnoll_camp_mini_basic, gnoll_camp_mini_hut
D:9:      layout_roguey, david_orc_1_choice, serial_shops, shop,
          nicolae_shop_statue_plus, shop, grunt_ministairs_6, hex_tiny
D:10:     layout_rooms, minmay_lair_entry_grove, serial_shops, shop_fountains
D:11:     nzn_winding_woodlands_medium [nzn_winding_woodlands_5x5_open_star,
          nzn_winding_woodlands_5x15_cabin, nzn_winding_woodlands_hourglass,
          nzn_winding_woodlands_5x5_default,
          nzn_winding_woodlands_center_pierced_h,
          nzn_winding_woodlands_5x5_three,
          nzn_winding_woodlands_5x5_closed_star,
          nzn_winding_woodlands_5x15_garden, nzn_winding_woodlands_5x5_cross],
          layout_basic
Temple:   regret_index_temple_waves
Orc:1:    layout_diamond_mine, nicolae_volcano_entry_s_turn, serial_shops, shop,
          portal_ice_cave_demonic_guard, basic_altar

Skill      XL: |  1  2  3  4  5  6  7  8  9 10 11 |
---------------+----------------------------------+-----
Maces & Flails | 3 4 5 7 8 9 11 | 11.5
Fighting       | 4 5 6 7 8 9 |  9.4
Armour         | 4 5 6 7 8 9 |  9.5
Shields        | 4 5 6 7 8 9 |  9.3
Invocations    | 1 3 4 6 7 |  7.8

Action                   |  1- 3 |  4- 6 |  7- 9 | 10-12 || total
-------------------------+-------+-------+-------+-------++-------
Melee: Flail             |    98 |   276 |   489 |   430 ||  1293
       Great mace        |       |       |       |     3 ||     3
Throw: Dart              |       |     2 |     4 |       ||     6
Invok: Heroism           |       |       |     3 |    10 ||    13
  Use: Potion            |       |       |     1 |       ||     1
       Scroll            |       |       |       |     7 ||     7
Armor: Scale mail        |    24 |       |       |       ||    24
       Chain mail        |    18 |   198 |   334 |   155 ||   705
       Skin              |       |       |    23 |       ||    23
Dodge: Dodged            |    17 |    64 |   157 |    89 ||   327
Block: Kite shield       |    54 |   164 |   317 |   263 ||   798
       Other             |       |       |       |     5 ||     5
       Reflection        |       |       |       |     5 ||     5

Table legend: (Time is in decaauts)
 A = Elapsed time spent in this place.
 B = Non-inter-level travel time spent in this place.
 C = Inter-level travel time spent in this place.
 D = Time resting spent in this place.
 E = Time spent auto-exploring this place.
 F = Levels seen in this place.
 G = Mean time per level.
                   A        B        C        D        E       F      G
               +--------+--------+--------+--------+--------+-----+--------+
         Total |  12197 |  11631 |    566 |    904 |   7732 |  14 |  871.2 |
       Dungeon |  11367 |  10840 |    527 |    904 |   7318 |  11 | 1033.4 |
        Temple |     89 |     50 |     39 |      0 |     47 |   1 |   89.0 |
  Orcish Mines |     94 |     94 |      0 |      0 |     74 |   1 |   94.0 |
         Sewer |    645 |    645 |      0 |      0 |    293 |   1 |  645.0 |
               +--------+--------+--------+--------+--------+-----+--------+

Top non-repeatable levels by time:
     D:3: 1814 daAuts
     D:8: 1716 daAuts
     D:5: 1174 daAuts
     D:9: 1125 daAuts
     D:4: 1113 daAuts
     D:2: 1012 daAuts
    D:10: 894 daAuts
     D:6: 884 daAuts
     D:1: 792 daAuts
   Sewer: 645 daAuts
     D:7: 490 daAuts
    D:11: 349 daAuts
   Orc:1: 94 daAuts
  Temple: 89 daAuts
